[ AOE2 MATCH · #506317703 ]
UnrankedFranks vs Spanish
Player's team · LOSS
Rival team · WIN
[ REPLAY ANALYSIS · EXTRACTED FROM THE RECORDED GAME ]
Feudal
13:38
Castle
—
Imperial
—
| APM avg | 61.4 |
| APM peak | 85 |
| eAPM avg | 30.3 |
| Villagers / military | 45 / 16 |
Focus
⚔️ 46.4% · 🌾 53.6%
Archer ×10 · Militia ×6
Feudal
11:21
Castle
16:31
Imperial
—
| APM avg | 54.3 |
| APM peak | 100 |
| eAPM avg | 19.6 |
| Villagers / military | 27 / 3 |
Focus
⚔️ 25.0% · 🌾 75.0%
Conquistador ×3
Match map
Initial resources + every placement click. Lines = walls · curves = elevation contours. ◆ gold · ⬟ stone · ● berries · ✦ relic · ◌ wall gap
Your base· Open — 5t gap
Thành Cổ Quảng Trị's base· Open — opponent sealed themselves in
Smoothed initial terrain · ◌ = detected wall gap · hover for details
Inputs per minute
— Survivalist - - Thành Cổ Quảng Trị
Build order — Survivalist
145 actions detected in the replay
| 0:00 | Create | Villager (Male) |
| 0:02 | Build | House |
| 0:03 | Build | House |
| 0:06 | Create | Villager (Male) |
| 0:06 | Create | Villager (Male) |
| 0:09 | Create | Villager (Male) |
| 1:25 | Create | Villager (Male) |
| 1:56 | Create | Villager (Male) |
| 2:19 | Create | Villager (Male) |
| 2:19 | Create | Villager (Male) |
| 2:47 | Create | Villager (Male) |
| 3:10 | Create | Villager (Male) |
| 3:14 | Build | Barracks |
| 3:39 | Build | House |
| 3:45 | Create | Villager (Male) |
| 4:12 | Create | Villager (Male) |
| 4:14 | Build | Palisade Wall |
| 4:16 | Build | Palisade Wall |
| 4:28 | Build | Palisade Wall |
| 4:29 | Create | Militia |
| 4:32 | Create | Villager (Male) |
| 4:58 | Create | Villager (Male) |
| 4:59 | Create | Militia |
| 5:04 | Build | House |
| 5:05 | Create | Villager (Male) |
| 5:16 | Create | Militia |
| 5:16 | Create | Militia |
| 5:37 | Create | Villager (Male) |
| 5:43 | Create | Militia |
| 5:43 | Create | Militia |
| 5:45 | Create | Villager (Male) |
| 6:02 | Create | Villager (Male) |
| 6:14 | Build | Palisade Wall |
| 6:15 | Build | Palisade Wall |
| 6:20 | Build | Lumber Camp |
| 6:25 | Build | Palisade Wall |
| 6:29 | Build | Palisade Wall |
| 6:30 | Create | Villager (Male) |
| 6:56 | Create | Villager (Male) |
| 6:57 | Build | House |
| 7:06 | Build | Palisade Wall |
| 7:07 | Build | Palisade Wall |
| 7:08 | Build | Palisade Wall |
| 7:09 | Build | Palisade Wall |
| 7:09 | Build | Palisade Wall |
| 7:10 | Build | Palisade Wall |
| 7:22 | Create | Villager (Male) |
| 7:35 | Create | Villager (Male) |
| 7:44 | Create | Villager (Male) |
| 7:52 | Build | Mill |
| 8:35 | Build | House |
| 8:36 | Build | Palisade Wall |
| 8:37 | Build | Palisade Wall |
| 8:41 | Create | Villager (Male) |
| 9:01 | Create | Villager (Male) |
| 9:18 | Build | Farm |
| 9:28 | Build | Palisade Wall |
| 9:45 | Build | House |
| 9:47 | Create | Villager (Male) |
| 9:48 | Create | Villager (Male) |
| 10:14 | Build | Palisade Wall |
| 10:20 | Build | House |
| 10:34 | Create | Villager (Male) |
| 10:41 | Build | Palisade Wall |
| 10:42 | Build | Palisade Wall |
| 10:48 | Build | House |
| 10:49 | Research | Feudal Age |
| 10:50 | Research | Feudal Age |
| 10:53 | Build | Palisade Wall |
| 11:01 | Research | Loom |
| 11:02 | Research | Feudal Age |
| 11:06 | Build | Palisade Wall |
| 11:09 | Build | Palisade Wall |
| 11:28 | Build | Palisade Wall |
| 11:29 | Build | Palisade Wall |
| 11:29 | Build | Palisade Wall |
| 11:56 | Build | Mining Camp |
| 12:31 | Build | Palisade Wall |
| 12:56 | Build | Lumber Camp |
| 12:57 | Create | Villager (Male) |
| 13:38 | Age | Feudal Age |
| 13:39 | Research | Man-at-Arms (upgrade) |
| 13:40 | Research | Double-Bit Axe |
| 13:50 | Create | Villager (Male) |
| 13:59 | Build | Archery Range |
| 14:13 | Research | Arson |
| 14:16 | Create | Villager (Male) |
| 14:27 | Build | Farm |
| 14:27 | Build | Farm |
| 14:30 | Build | Farm |
| 14:32 | Build | Farm |
| 14:45 | Build | House |
| 14:58 | Create | Villager (Male) |
| 15:11 | Create | Villager (Male) |
| 15:29 | Build | Farm |
| 15:30 | Create | Archer |
| 15:32 | Build | Farm |
| 15:37 | Create | Villager (Male) |
| 15:43 | Build | Farm |
| 15:45 | Create | Archer |
| 15:52 | Build | House |
| 16:06 | Create | Villager (Male) |
| 16:16 | Create | Archer |
| 16:18 | Build | Farm |
| 16:22 | Build | Farm |
| 16:24 | Build | Farm |
| 16:25 | Build | Farm |
| 16:36 | Create | Villager (Male) |
| 16:41 | Create | Archer |
| 16:52 | Build | Blacksmith |
| 16:55 | Create | Archer |
| 17:09 | Build | Watch Tower |
| 17:09 | Create | Archer |
| 17:12 | Create | Archer |
| 17:22 | Create | Archer |
| 17:27 | Create | Villager (Male) |
| 17:30 | Create | Archer |
| 17:33 | Research | Fletching |
| 17:43 | Create | Villager (Male) |
| 17:49 | Create | Villager (Male) |
| 17:52 | Create | Villager (Male) |
| 18:17 | Build | Gate |
| 18:21 | Build | Stone Wall |
| 18:32 | Build | Mining Camp |
| 18:37 | Build | Watch Tower |
| 18:41 | Create | Villager (Male) |
| 18:45 | Build | Stone Wall |
| 19:24 | Create | Villager (Male) |
| 19:29 | Build | Mill |
| 19:30 | Build | Farm |
| 19:30 | Build | Farm |
| 19:30 | Build | Farm |
| 19:30 | Build | Farm |
| 19:30 | Build | Farm |
| 19:31 | Build | Farm |
| 19:31 | Build | Farm |
| 19:31 | Build | Farm |
| 19:44 | Create | Villager (Male) |
| 19:56 | Build | Market |
| 20:19 | Create | Villager (Male) |
| 20:22 | Create | Archer |
| 20:27 | Build | House |
| 20:37 | Build | Palisade Wall |
| 20:41 | Create | Villager (Male) |
| 20:52 | Build | Watch Tower |
Build order — Thành Cổ Quảng Trị
71 actions detected in the replay
| 0:00 | Create | Villager (Male) |
| 0:02 | Build | House |
| 0:02 | Build | House |
| 0:07 | Create | Villager (Male) |
| 0:07 | Create | Villager (Male) |
| 0:08 | Create | Villager (Male) |
| 1:23 | Create | Villager (Male) |
| 1:24 | Create | Villager (Male) |
| 1:45 | Build | Lumber Camp |
| 1:55 | Create | Villager (Male) |
| 2:08 | Create | Villager (Male) |
| 2:09 | Create | Villager (Male) |
| 2:37 | Create | Villager (Male) |
| 3:03 | Create | Villager (Male) |
| 3:03 | Create | Villager (Male) |
| 3:34 | Create | Villager (Male) |
| 3:50 | Build | House |
| 3:54 | Create | Villager (Male) |
| 3:54 | Create | Villager (Male) |
| 4:21 | Create | Villager (Male) |
| 4:40 | Build | Mill |
| 4:45 | Create | Villager (Male) |
| 5:23 | Create | Villager (Male) |
| 5:27 | Research | Loom |
| 6:00 | Create | Villager (Male) |
| 6:04 | Build | Palisade Wall |
| 6:08 | Build | Palisade Wall |
| 6:09 | Build | Palisade Wall |
| 6:12 | Build | Palisade Wall |
| 6:13 | Build | Palisade Wall |
| 6:19 | Create | Villager (Male) |
| 6:28 | Build | House |
| 6:58 | Create | Villager (Male) |
| 7:15 | Create | Villager (Male) |
| 7:47 | Create | Villager (Male) |
| 8:00 | Build | House |
| 8:16 | Create | Villager (Male) |
| 8:19 | Build | House |
| 8:22 | Build | House |
| 8:36 | Build | Farm |
| 8:36 | Build | Farm |
| 8:37 | Create | Villager (Male) |
| 8:58 | Build | Mining Camp |
| 8:59 | Research | Feudal Age |
| 9:54 | Create | Villager (Male) |
| 10:43 | Build | House |
| 11:21 | Age | Feudal Age |
| 11:22 | Build | Market |
| 11:23 | Build | Blacksmith |
| 11:28 | Build | Farm |
| 13:13 | Build | Farm |
| 13:21 | Build | House |
| 13:51 | Research | Castle Age |
| 13:51 | Research | Castle Age |
| 14:02 | Build | Palisade Wall |
| 15:03 | Build | Stone Wall |
| 15:04 | Build | Stone Wall |
| 15:05 | Build | Stone Wall |
| 15:06 | Build | Stone Wall |
| 15:37 | Build | Gate |
| 15:45 | Build | Stone Wall |
| 15:48 | Build | Stone Wall |
| 16:31 | Age | Castle Age |
| 16:54 | Build | Castle |
| 17:20 | Create | Villager (Male) |
| 18:01 | Create | Conquistador |
| 18:01 | Create | Conquistador |
| 18:26 | Build | Lumber Camp |
| 18:29 | Create | Conquistador |
| 19:28 | Build | Mining Camp |
| 19:48 | Build | Siege Workshop |
Match timeline
| 3:14 | Survivalist · first_building Barracks |
| 4:14 | Survivalist · wall_segment Palisade Wall x1 |
| 4:16 | Survivalist · wall_segment Palisade Wall x1 |
| 4:28 | Survivalist · wall_segment Palisade Wall x1 |
| 6:04 | Thành Cổ Quảng Trị · wall_segment Palisade Wall x1 |
| 6:08 | Thành Cổ Quảng Trị · wall_segment Palisade Wall x1 |
| 6:09 | Thành Cổ Quảng Trị · wall_segment Palisade Wall x1 |
| 6:12 | Thành Cổ Quảng Trị · wall_segment Palisade Wall x1 |
| 6:13 | Thành Cổ Quảng Trị · wall_segment Palisade Wall x1 |
| 6:14 | Survivalist · wall_segment Palisade Wall x1 |
| 6:15 | Survivalist · wall_segment Palisade Wall x1 |
| 6:25 | Survivalist · wall_segment Palisade Wall x1 |
| 6:29 | Survivalist · wall_segment Palisade Wall x1 |
| 7:06 | Survivalist · wall_segment Palisade Wall x1 |
| 7:07 | Survivalist · wall_segment Palisade Wall x1 |
| 7:08 | Survivalist · wall_segment Palisade Wall x1 |
| 7:09 | Survivalist · wall_segment Palisade Wall x1 |
| 7:09 | Survivalist · wall_segment Palisade Wall x1 |
| 7:10 | Survivalist · wall_segment Palisade Wall x1 |
| 8:36 | Survivalist · wall_segment Palisade Wall x1 |
| 8:37 | Survivalist · wall_segment Palisade Wall x1 |
| 9:28 | Survivalist · wall_segment Palisade Wall x11 |
| 10:14 | Survivalist · wall_segment Palisade Wall x5 |
| 10:41 | Survivalist · wall_segment Palisade Wall x1 |
| 10:42 | Survivalist · wall_segment Palisade Wall x1 |
| 10:53 | Survivalist · wall_segment Palisade Wall x1 |
| 11:06 | Survivalist · wall_segment Palisade Wall x6 |
| 11:09 | Survivalist · wall_segment Palisade Wall x11 |
| 11:21 | Thành Cổ Quảng Trị · age_up feudal |
| 11:28 | Survivalist · wall_segment Palisade Wall x1 |
| 11:29 | Survivalist · wall_segment Palisade Wall x1 |
| 11:29 | Survivalist · wall_segment Palisade Wall x1 |
| 12:15 | Thành Cổ Quảng Trị · first_market_sell 500 wood |
| 12:31 | Survivalist · wall_segment Palisade Wall x8 |
| 12:36 | Thành Cổ Quảng Trị · first_market_buy 100 food |
| 13:38 | Survivalist · age_up feudal |
| 13:59 | Survivalist · first_building Archery Range |
| 14:02 | Thành Cổ Quảng Trị · wall_segment Palisade Wall x1 |
| 15:03 | Thành Cổ Quảng Trị · wall_segment Stone Wall x1 |
| 15:04 | Thành Cổ Quảng Trị · wall_segment Stone Wall x1 |
| 15:05 | Thành Cổ Quảng Trị · wall_segment Stone Wall x1 |
| 15:06 | Thành Cổ Quảng Trị · wall_segment Stone Wall x1 |
| 15:45 | Thành Cổ Quảng Trị · wall_segment Stone Wall x1 |
| 15:48 | Thành Cổ Quảng Trị · wall_segment Stone Wall x1 |
| 16:31 | Thành Cổ Quảng Trị · age_up castle |
| 16:54 | Thành Cổ Quảng Trị · first_building Castle |
| 18:21 | Survivalist · wall_segment Stone Wall x9 |
| 18:45 | Survivalist · wall_segment Stone Wall x1 |
| 19:48 | Thành Cổ Quảng Trị · first_building Siege Workshop |
| 20:37 | Survivalist · wall_segment Palisade Wall x1 |
| 20:50 | Survivalist · first_market_buy 100 stone |
| 21:02 | Survivalist · resign |
[ AI ANALYSIS · 1 CREDIT ]
What really happened in this match?
Wolo.gg analyzes every decision: build order, eco, micro, common mistakes by bracket. Personalized analysis on WhatsApp or Discord in 30 seconds.
Civ guide
Franks
Perfil
Jugador #247224